 Dungeon Crawl Stone Soup version 0.25.1-2-g60ff931df9 (webtiles) character file.

Game seed: 10838581167823684469

126 raphialitos the Covert (level 4, -2/23 HPs)
             Began as a Spriggan Assassin on Oct 15, 2020.
             Slain by Menkaure (24 damage)
             ... on level 2 of the Dungeon.
             The game lasted 00:06:51 (1981 turns).

raphialitos the Covert (Spriggan Assassin)          Turns: 1981, Time: 00:06:53

Health: -2/23      AC:  3    Str:  7    XL:     4   Next: 83%
Magic:  5/5        EV: 14    Int: 12    God:
Gold:   152        SH:  0    Dex: 18    Spells: 3/3 levels left

rFire    . . .     SeeInvis +   a - +3 dagger
rCold    . . .     Gourm    .   (shield restricted)
rNeg     . . .     Faith    .   m - +0 robe (curse)
rPois    .         Spirit   .   (helmet restricted)
rElec    .         Reflect  .   c - +0 cloak
rCorr    .         Harm     .   (gloves unavailable)
MR       .....                  (boots unavailable)
Stlth    ++++......             g - amulet of the acrobat
HPRegen  0.07/turn              (no ring)
MPRegen  0.09/turn              (no ring)

@: constricted, very quick
A: very small, unfitting armour, see invisible, herbivore, speed 3, slow
metabolism 2
a: no special abilities


You were on level 2 of the Dungeon.
You were not hungry.

You visited 1 branch of the dungeon, and saw 2 of its levels.

You collected 152 gold pieces.

Inventory:

Hand Weapons
 a - a +3 dagger (weapon)
 r - a +4 quarterstaff of chaos
Missiles
 d - 23 poisoned darts (quivered)
 e - 2 curare-tipped darts
 i - 14 sling bullets
 n - 22 bolts
 p - 19 arrows
Armour
 b - a +0 robe
 c - a +0 cloak (worn)
 m - a cursed +0 robe (worn)
Jewellery
 g - an amulet of the acrobat (around neck)
 o - an uncursed amulet of guardian spirit {unknown}
Wands
 q - a wand of random effects (12)
Scrolls
 h - a scroll of identify
Potions
 j - a potion of stabbing {unknown}
 k - a potion of mutation
 l - a potion of curing {unknown}
Comestibles
 f - 7 rations


   Skills:
 + Level 1.6 Fighting
 + Level 2.9 Short Blades
 + Level 2.7 Throwing
 + Level 2.0 Dodging
 + Level 8.3 Stealth


You had 3 spell levels left.
You didn't know any spells.
Your spell library was empty.

Dungeon Overview and Level Annotations

Branches:
Dungeon (2/15)

Altars:
Kikubaaqudgha
Nemelex Xobeh
Sif Muna
Yredelemnul
The Shining One

Annotations:
D:2 1 transporter, Menkaure


Innate Abilities, Weirdness & Mutations

You are very small and have problems with some larger weapons.
You are too small for most types of armour.
You have supernaturally acute eyesight. (SInv)
You are a herbivore.
You cover ground extremely quickly.
You need to consume almost no food.


Message History

You open the door.
There is an open door here.
There is a transporter here.
You enter the transporter and appear at another place.
You hit Menkaure but do no damage. You hit Menkaure.
Menkaure is lightly damaged.
Menkaure closely misses you.
You hit Menkaure.
Menkaure is lightly damaged.
Menkaure gestures wildly while chanting.
Menkaure seems to speed up.
The mummy closely misses you.
You barely miss Menkaure.
Menkaure is lightly damaged.
The ball python skeleton closely misses you.
The ball python skeleton grabs you.
The ball python skeleton constricts you.
Menkaure hits you!!
Ouch! That really hurt!
You die...

###'###......##...#####.#
# #.# #.........©..)....#
# #.###...#############.#
# #.......#!..........#.#
# #####..[#...........#.#
# ###...#..##...##..#.# #
#.'...#..#8...8#(.#.# #
#.#...#..##ZZ.##..#.#
#####.#...#....M@.....#.#
......###.#..##.M.##..#.#
#####.# #.#..#8...8#.Z#.#
#.# #.#..##...##Z.#.# #.#
#.#...........#.# #.#
#.#©?$_)⌠)_$[.#.# #.#
#.#############.#
#.###.......©...)...#
#.............#######


You could see Menkaure (fast), a mummy, a giant cockroach zombie and a ball
python skeleton.

Vanquished Creatures
  Crazy Yiuf (D:2)
  4 gnolls (D:2)
  An adder (D:2)
  An ooze (D:1)
  A dart slug (D:1)
  A leopard gecko (D:2)
  A giant cockroach (D:2)
  5 goblins
  5 hobgoblins
  2 jackals (D:1)
  3 ball pythons
  8 bats
  5 frilled lizards
  3 kobolds
  7 rats
48 creatures vanquished.

Notes
Turn   | Place    | Note
-------+----------+-------------------------------------------
     0 | D:1      | raphialitos the Spriggan Assassin began the quest for the
                  | Orb.
     0 | D:1      | Reached XP level 1. HP: 10/10 MP: 2/2
    64 | D:1      | Reached skill level 6 in Stealth
   122 | D:1      | Reached XP level 2. HP: 11/14 MP: 3/3
   326 | D:1      | Reached skill level 7 in Stealth
   754 | D:2      | Reached XP level 3. HP: 18/18 MP: 4/4
   876 | D:2      | Reached XP level 4. HP: 21/23 MP: 5/5
  1106 | D:2      | Found a transporter.
  1107 | D:2      | Found an ancient bone altar of Kikubaaqudgha.
  1396 | D:2      | Found a glowing golden altar of the Shining One.
  1402 | D:2      | Found a sparkling altar of Nemelex Xobeh.
  1436 | D:2      | Noticed Menkaure
  1438 | D:2      | Found a basalt altar of Yredelemnul.
  1456 | D:2      | Found a transporter.
  1587 | D:2      | Reached skill level 8 in Stealth
  1725 | D:2      | Found a shimmering blue altar of Sif Muna.
  1836 | D:2      | Found a runed translucent door.
  1837 | D:2      | Noticed Crazy Yiuf
  1904 | D:2      | Killed Crazy Yiuf
  1981 | D:2      | Slain by Menkaure

Illustrated notes

Levels and vault maps discovered:
D:1:      psy_arrival_dodecagon, layout_basic, minmay_heptomino_h4
D:2:      layout_basic, gammafunk_temple_of_torment,
          lemuel_coloured_pillars_altar, amethyst_overflow_temple_binary,
          uniq_crazy_yiuf_cottage

Skill      XL: |  1  2  3  4 |
---------------+-------------+-----
Stealth        | 6 7 8 |  8.3
Dodging        | 2 |  2.0
Fighting       | |  1.6
Short Blades   | |  2.9
Throwing       | |  2.7

Action                   |  1- 3 |  4- 6 || total
-------------------------+-------+-------++-------
Melee: Dagger            |    41 |    36 ||    77
Throw: Dart              |    25 |     1 ||    26
  Use: Scroll            |     2 |       ||     2
 Stab: Sleeping          |    15 |     7 ||    22
       Distracted        |       |     1 ||     1
Armor: Robe              |     5 |     1 ||     6
Dodge: Dodged            |    42 |    22 ||    64
